TOP OF THE 1ST |
Colorado Rockies batting - Pitching for Los Angeles Dodgers : RHP Adrian Serratos
|
Pitching: RHP Adrian Serratos
|
|
Batting: RHB Joel Haycock
|
0-0: Ball 1-0: Ball 2-0: Ball 3-0: Called Strike 3-1: Foul Ball, location: 2F 3-2: Ground out 1-3 (Groundball, 13, EV 76.3 MPH)
|
Batting: RHB Roberto Rodriguez
|
0-0: Ball 1-0: Ball 2-0: Ball 3-0: Ground out 5-3 (Groundball, 56, EV 88.8 MPH)
|
Batting: LHB Fabiano Perrolas
|
0-0: Ball 1-0: Ground out 4-3 (Groundball, 4M, EV 106.3 MPH)
|
Top of the 1st over - 0 runs, 0 hits, 0 errors, 0 left on base; Colorado 0 - Los Angeles 0 |
BOTTOM OF THE 1ST |
Los Angeles Dodgers batting - Pitching for Colorado Rockies : RHP Link Zeller
|
Pitching: RHP Link Zeller
|
|
Batting: SHB Joel Baker
|
0-0: Called Strike 0-1: Ball 1-1: Called Strike 1-2: Foul Ball, location: 2F 1-2: Foul Ball, location: 2F 1-2: Ball 2-2: Strikes out swinging, 2-3 out at first.
|
Batting: LHB Chris Ringwood
|
0-0: Called Strike 0-1: Ball 1-1: Ball 2-1: Ball 3-1: Called Strike 3-2: Foul Ball, location: 2F 3-2: Base on Balls
|
Batting: LHB Bob Branham
|
Pickoff Throw to First - Error! E1 Chris Ringwood to second 0-0: Swinging Strike 0-1: Ball 1-1: Ground out 4-3 (Groundball, 4, EV 83.1 MPH) Chris Ringwood to third
|
Batting: LHB Lirak Bazhunaishvili
|
0-0: Ball 1-0: Ball 2-0: Called Strike 2-1: Foul Ball, location: 2F 2-2: SINGLE (Line Drive, 56, EV 105.0 MPH) Chris Ringwood scores
|
Batting: RHB Clay Buchanan
|
0-0: Ball 1-0: Ground out 1-3 (Groundball, 13S, EV 72.5 MPH)
|
Bottom of the 1st over - 1 run, 1 hit, 1 error, 1 left on base; Colorado 0 - Los Angeles 1 |
TOP OF THE 2ND |
Colorado Rockies batting - Pitching for Los Angeles Dodgers : RHP Adrian Serratos
|
Batting: RHB Jason Andrews
|
0-0: Called Strike 0-1: Foul Ball, location: 2F 0-2: Foul Ball, location: 2F 0-2: Ball 1-2: Ball 2-2: Fly out, F7 (Flyball, 7LM, EV 90.0 MPH)
|
Batting: SHB Chris Blue
|
0-0: Ball 1-0: SOLO HOME RUN (Flyball, 9LD, EV 94.4 MPH), Distance : 349 ft
|
Batting: RHB Rico Coss
|
0-0: Ball 1-0: Ball 2-0: Ball 3-0: Called Strike 3-1: Ground out 5-3 (Groundball, 5S, EV 61.9 MPH)
|
Batting: LHB Robert Watson
|
0-0: Ball 1-0: Ball 2-0: Called Strike 2-1: Called Strike 2-2: Fly out, F8 (Flyball, 8LD, EV 97.5 MPH)
|
Top of the 2nd over - 1 run, 1 hit, 0 errors, 0 left on base; Colorado 1 - Los Angeles 1 |
BOTTOM OF THE 2ND |
Los Angeles Dodgers batting - Pitching for Colorado Rockies : RHP Link Zeller
|
Batting: RHB Jorge Severiano
|
0-0: Ball 1-0: Ball 2-0: Ball 3-0: Foul Ball, location: 2F 3-1: Base on Balls
|
Batting: RHB Tsutomu Irie
|
0-0: Ball 1-0: Ball 2-0: Fly out, F5 (Popup, 56S, EV 89.4 MPH)
|
Batting: LHB Dalton Silveira
|
0-0: Ball Jorge Severiano is caught stealing 2nd base 2-6 1-0: Foul Ball, location: 2F 1-1: SINGLE (Groundball, 4MD, EV 96.3 MPH)
|
Batting: RHB Isaiah Yarbrough
|
0-0: Called Strike 0-1: Ball 1-1: Ball 2-1: Ball 3-1: Called Strike 3-2: Ground out 6-3 (Groundball, 6, EV 99.4 MPH)
|
Bottom of the 2nd over - 0 runs, 1 hit, 0 errors, 1 left on base; Colorado 1 - Los Angeles 1 |
TOP OF THE 3RD |
Colorado Rockies batting - Pitching for Los Angeles Dodgers : RHP Adrian Serratos
|
Batting: RHB Leo Mair
|
0-0: Ball 1-0: Fly out, F9 (Flyball, 89M, EV 83.8 MPH)
|
Batting: RHB Stephen Charbonneau
|
0-0: Ball 1-0: Ball 2-0: Ball 3-0: Called Strike 3-1: Foul Ball, location: 2F 3-2: SINGLE (Groundball, 4M, EV 104.4 MPH) (infield hit)
|
Batting: RHB Joel Haycock
|
0-0: Ball Stephen Charbonneau steals 2nd base 1-0: Ball 2-0: Called Strike 2-1: Called Strike 2-2: Strikes out swinging
|
Batting: RHB Roberto Rodriguez
|
0-0: Ball 1-0: Ball 2-0: Called Strike 2-1: Foul Ball, location: 2F 2-2: Foul Ball, location: 2F 2-2: Strikes out swinging
|
Top of the 3rd over - 0 runs, 1 hit, 0 errors, 1 left on base; Colorado 1 - Los Angeles 1 |
BOTTOM OF THE 3RD |
Los Angeles Dodgers batting - Pitching for Colorado Rockies : RHP Link Zeller
|
Batting: SHB Joel Baker
|
0-0: Ball 1-0: Called Strike 1-1: SINGLE (Line Drive, 8LS, EV 105.0 MPH)
|
Batting: LHB Chris Ringwood
|
0-0: Called Strike 0-1: Ball 1-1: Ball 2-1: Called Strike Joel Baker is caught stealing 2nd base 2-6 2-2: Foul Ball, location: 2F 2-2: Foul Ball, location: 2F 2-2: Foul Ball, location: 2F 2-2: Foul Ball, location: 2F 2-2: Ball 3-2: Foul Ball, location: 2F 3-2: Ground out U3 (Groundball, 3, EV 82.5 MPH)
|
Batting: LHB Bob Branham
|
0-0: Foul Ball, location: 2F 0-1: Ball 1-1: Ball 2-1: Called Strike 2-2: Foul Ball, location: 2F 2-2: Foul Ball, location: 2F 2-2: Ball 3-2: Foul Ball, location: 2F 3-2: Base on Balls
|
Batting: LHB Lirak Bazhunaishvili
|
0-0: Ball 1-0: Ball 2-0: Called Strike 2-1: Ball 3-1: Called Strike 3-2: Foul Ball, location: 2F 3-2: Strikes out swinging
|
Bottom of the 3rd over - 0 runs, 1 hit, 0 errors, 1 left on base; Colorado 1 - Los Angeles 1 |
TOP OF THE 4TH |
Colorado Rockies batting - Pitching for Los Angeles Dodgers : RHP Adrian Serratos
|
Batting: LHB Fabiano Perrolas
|
0-0: Ball 1-0: Foul Ball, location: 2F 1-1: Ball 2-1: SOLO HOME RUN (Flyball, 9D, EV 97.5 MPH), Distance : 374 ft
|
Batting: RHB Jason Andrews
|
0-0: Called Strike 0-1: Ball 1-1: Swinging Strike 1-2: Foul Ball, location: 2F 1-2: Ground out 5-3 (Groundball, 56S, EV 66.3 MPH)
|
Batting: SHB Chris Blue
|
0-0: Fly out, F8 (Line Drive, 8LM, EV 92.5 MPH)
|
Batting: RHB Rico Coss
|
0-0: Called Strike 0-1: Ball 1-1: Fly out, F9 (Flyball, 89M, EV 81.9 MPH)
|
Top of the 4th over - 1 run, 1 hit, 0 errors, 0 left on base; Colorado 2 - Los Angeles 1 |
BOTTOM OF THE 4TH |
Los Angeles Dodgers batting - Pitching for Colorado Rockies : RHP Link Zeller
|
Batting: RHB Clay Buchanan
|
0-0: Ball 1-0: Ball 2-0: SINGLE (Groundball, 6D, EV 103.1 MPH)
|
Batting: RHB Jorge Severiano
|
0-0: Called Strike 0-1: Ball 1-1: Foul Ball, location: 2F 1-2: Ball 2-2: Foul Ball, location: 2F 2-2: Ball 3-2: Ground out 6-3 (Groundball, 6, EV 85.6 MPH) Clay Buchanan to second
|
Batting: RHB Tsutomu Irie
|
0-0: Ball 1-0: DOUBLE (Groundball, 5L, EV 100.6 MPH) Clay Buchanan scores
|
Batting: LHB Dalton Silveira
|
0-0: SINGLE (Line Drive, 6D, EV 95.0 MPH) Tsutomu Irie to third Runner from 3rd tries for Home, SAFE, throw by CF to home Dalton Silveira to second
|
Batting: RHB Isaiah Yarbrough
|
0-0: Ball 1-0: SINGLE (Line Drive, 56D, EV 98.8 MPH) Dalton Silveira to third
|
Batting: SHB Joel Baker
|
0-0: Fielders Choice at 2nd, 4-6 (Groundball, 34S, EV 79.4 MPH) Dalton Silveira scores
|
Batting: LHB Chris Ringwood
|
0-0: Ball 1-0: Called Strike 1-1: Foul Ball, location: 2F 1-2: Strikes out swinging
|
Bottom of the 4th over - 3 runs, 4 hits, 0 errors, 1 left on base; Colorado 2 - Los Angeles 4 |
TOP OF THE 5TH |
Colorado Rockies batting - Pitching for Los Angeles Dodgers : RHP Adrian Serratos
|
Batting: LHB Robert Watson
|
0-0: Ball 1-0: Ball 2-0: Called Strike 2-1: Ball 3-1: Called Strike 3-2: Base on Balls
|
Batting: RHB Leo Mair
|
0-0: Ball 1-0: Ball 2-0: Ball 3-0: Base on Balls Robert Watson to second
|
Batting: RHB Stephen Charbonneau
|
0-0: Called Strike 0-1: Ball 1-1: Called Strike 1-2: Ball 2-2: SINGLE (Flyball, 5D, EV 91.3 MPH) Robert Watson to third Leo Mair to second
|
Batting: RHB Joel Haycock
|
0-0: Ground out 5-3 (Groundball, 56S, EV 70.0 MPH) Robert Watson scores Leo Mair to third Stephen Charbonneau to second
|
Batting: RHB Roberto Rodriguez
|
0-0: Ball 1-0: Ball 2-0: Foul Ball, location: 2F 2-1: SINGLE (Flyball, 8RM, EV 90.0 MPH) Leo Mair scores Stephen Charbonneau to third
|
Batting: LHB Fabiano Perrolas
|
0-0: Ball 1-0: Ball 2-0: Ball 3-0: Called Strike 3-1: Called Strike 3-2: Fly out, F8 (Flyball, 78S, EV 71.9 MPH)
|
Batting: RHB Jason Andrews
|
0-0: Called Strike 0-1: Ball 1-1: Fly out, F9 (Flyball, 9LD, EV 89.4 MPH)
|
Top of the 5th over - 2 runs, 2 hits, 0 errors, 2 left on base; Colorado 4 - Los Angeles 4 |
BOTTOM OF THE 5TH |
Los Angeles Dodgers batting - Pitching for Colorado Rockies : RHP Link Zeller
|
Batting: LHB Bob Branham
|
0-0: Ground out U3 (Groundball, 3, EV 86.3 MPH)
|
Batting: LHB Lirak Bazhunaishvili
|
0-0: Ball 1-0: SINGLE (Groundball, 4MD, EV 98.8 MPH)
|
Batting: RHB Clay Buchanan
|
0-0: Ball 1-0: Ball 2-0: Foul Ball, location: 2F 2-1: Grounds into double play, 5-4-3 (Groundball, 56, EV 100.6 MPH)
|
Bottom of the 5th over - 0 runs, 1 hit, 0 errors, 0 left on base; Colorado 4 - Los Angeles 4 |
TOP OF THE 6TH |
Colorado Rockies batting - Pitching for Los Angeles Dodgers : RHP Adrian Serratos
|
Batting: SHB Chris Blue
|
0-0: Ball 1-0: Ball 2-0: Fly out, F5 (Flyball, 5D, EV 76.9 MPH)
|
Batting: RHB Rico Coss
|
0-0: Ground out 6-3 (Groundball, 6S, EV 89.4 MPH)
|
Batting: LHB Robert Watson
|
0-0: Ball 1-0: Called Strike 1-1: Ground out 5-3 (Groundball, 56, EV 99.4 MPH)
|
Top of the 6th over - 0 runs, 0 hits, 0 errors, 0 left on base; Colorado 4 - Los Angeles 4 |
BOTTOM OF THE 6TH |
Los Angeles Dodgers batting - Pitching for Colorado Rockies : RHP Link Zeller
|
Batting: RHB Jorge Severiano
|
0-0: Called Strike 0-1: Ball 1-1: Ball 2-1: DOUBLE (Line Drive, 89D, EV 100.6 MPH)
|
Pitching: RHP Jaden Mackey
|
|
Batting: RHB Tsutomu Irie
|
0-0: SINGLE (Groundball, 56D, EV 97.5 MPH) Jorge Severiano to third Runner from 3rd tries for Home, SAFE, throw by LF to home
|
Batting: LHB Dalton Silveira
|
0-0: Ball 1-0: Sac Bunt to P - play at first, batter OUT! 1-4 Tsutomu Irie to second
|
Batting: RHB Isaiah Yarbrough
|
0-0: Called Strike Tsutomu Irie steals 3rd base (no throw) 0-1: Foul Ball, location: 2F 0-2: Ball 1-2: Foul Ball, location: 2F 1-2: Strikes out swinging
|
Batting: SHB Joel Baker
|
0-0: Ball 1-0: Called Strike 1-1: Called Strike 1-2: Foul Ball, location: 2F 1-2: DOUBLE (Line Drive, 9LS, EV 104.4 MPH) Tsutomu Irie scores
|
Batting: LHB Chris Ringwood
|
0-0: Called Strike 0-1: Ball 1-1: Ball 2-1: Ground out 4-3 (Groundball, 34, EV 101.9 MPH)
|
Bottom of the 6th over - 2 runs, 3 hits, 0 errors, 1 left on base; Colorado 4 - Los Angeles 6 |
TOP OF THE 7TH |
Colorado Rockies batting - Pitching for Los Angeles Dodgers : RHP Adrian Serratos
|
Pitching: LHP Josh Ramirez
|
|
Batting: RHB Leo Mair
|
0-0: Ball 1-0: Fly out, F2 (Popup, 2LF, EV 90.0 MPH)
|
Batting: RHB Stephen Charbonneau
|
0-0: Ball 1-0: Ground out 6-3 (Groundball, 6, EV 105.6 MPH)
|
Batting: RHB Joel Haycock
|
0-0: Swinging Strike 0-1: Ball 1-1: Fly out, F7 (Flyball, 7D, EV 105.0 MPH)
|
Top of the 7th over - 0 runs, 0 hits, 0 errors, 0 left on base; Colorado 4 - Los Angeles 6 |
BOTTOM OF THE 7TH |
Los Angeles Dodgers batting - Pitching for Colorado Rockies : RHP Jaden Mackey
|
Pitching: LHP Dave Burridge
|
|
Batting: LHB Bob Branham
|
0-0: Ball 1-0: Called Strike 1-1: Ball 2-1: Foul Ball, location: 2F 2-2: Strikes out swinging
|
Batting: LHB Lirak Bazhunaishvili
|
0-0: SOLO HOME RUN (Flyball, 9D, EV 95.6 MPH), Distance : 379 ft
|
Pitching: RHP Mike Mik
|
|
Batting: RHB Clay Buchanan
|
0-0: Ball 1-0: Ball 2-0: Foul Ball, location: 2F 2-1: Swinging Strike 2-2: Ball 3-2: Strikes out swinging
|
Batting: RHB Jorge Severiano
|
0-0: Swinging Strike 0-1: Fly out, F8 (Flyball, 89D, EV 103.1 MPH)
|
Bottom of the 7th over - 1 run, 1 hit, 0 errors, 0 left on base; Colorado 4 - Los Angeles 7 |
TOP OF THE 8TH |
Colorado Rockies batting - Pitching for Los Angeles Dodgers : LHP Josh Ramirez
|
Batting: RHB Roberto Rodriguez
|
0-0: Called Strike 0-1: Ball 1-1: Foul Ball, location: 2F 1-2: Ground out 5-3 (Groundball, 56, EV 82.5 MPH)
|
Batting: LHB Fabiano Perrolas
|
0-0: Ball 1-0: Ball 2-0: Swinging Strike 2-1: SINGLE (Groundball, 4D, EV 100.0 MPH)
|
Batting: RHB Jason Andrews
|
0-0: Ball 1-0: Foul Ball, location: 2F 1-1: Ball 2-1: Called Strike 2-2: Strikes out swinging
|
Batting: SHB Chris Blue
|
0-0: Called Strike 0-1: Ball 1-1: Called Strike 1-2: Strikes out swinging
|
Top of the 8th over - 0 runs, 1 hit, 0 errors, 1 left on base; Colorado 4 - Los Angeles 7 |
BOTTOM OF THE 8TH |
Los Angeles Dodgers batting - Pitching for Colorado Rockies : RHP Mike Mik
|
Batting: RHB Tsutomu Irie
|
0-0: Ball 1-0: Foul Ball, location: 2F 1-1: Foul Ball, location: 2F 1-2: Foul Ball, location: 2F 1-2: Foul Ball, location: 2F 1-2: Ball 2-2: Ball 3-2: Fly out, F7 (Flyball, 7, EV 93.8 MPH)
|
Batting: LHB Dalton Silveira
|
0-0: Called Strike 0-1: Fly out, F2 (Popup, 15S, EV 83.8 MPH)
|
Batting: RHB Isaiah Yarbrough
|
0-0: Called Strike 0-1: Ball 1-1: Ball 2-1: Foul Ball, location: 2F 2-2: Strikes out looking
|
Bottom of the 8th over - 0 runs, 0 hits, 0 errors, 0 left on base; Colorado 4 - Los Angeles 7 |
TOP OF THE 9TH |
Colorado Rockies batting - Pitching for Los Angeles Dodgers : LHP Josh Ramirez
|
Pitching: RHP Chut-sai Teoh
|
|
Batting: RHB Rico Coss
|
0-0: Ball 1-0: SINGLE (Groundball, 5S, EV 65.6 MPH) (infield hit)
|
Batting: LHB Robert Watson
|
0-0: Ball 1-0: Ball 2-0: Called Strike 2-1: Ball 3-1: Called Strike 3-2: Foul Ball, location: 2F 3-2: Foul Ball, location: 2F 3-2: Grounds into double play, U6-3 (Groundball, 4MD, EV 90.6 MPH)
|
Pinch Hitting: LHB Jose Robles
|
0-0: Ball 1-0: Foul Ball, location: 2F 1-1: Ground out 5-3 (Groundball, 56, EV 81.9 MPH)
|
Top of the 9th over - 0 runs, 1 hit, 0 errors, 0 left on base; Colorado 4 - Los Angeles 7 |
|